Unix NetHack Version 5.0.0-0 post-release - last build May  4 2026 22:22:43 (774f63e81ad911689b3a0859ea89b322d5daca8d,branch:main).

Game began 2026-05-06 07:02:01, ended 2026-05-06 07:23:56.

2459783kj, chaotic female human Rogue

                            ---
                           --..-
                          |.....-
                          |..|...
                          |..|.--
                           -...|
                          |...-
                         --..---
                         |.....-
                      ----......
                      h@)......-
                      ..---....|
                          --.<.|
                           ---.|

2459783kj the Cutpurse  St:15 Dx:18 Co:13 In:10 Wi:11 Ch:8  Chaotic
Dlvl:4  $:33 HP:0(23) Pw:10(10) AC:10 Xp:3 T:1326 

Latest messages:
 You miss the gnome.
 The gnome hits!
 You miss the gnome.
 The jackal misses the gnome.
 The gnome hits!
 You miss the gnome.
 The jackal misses the gnome.
 The gnome hits!
 You miss the gnome.
 The jackal bites the gnome.
 The gnome hits the jackal.
 The gnome hits!
 You miss the gnome.
 You bite the gnome.
 The gnome hits!
 You miss the gnome.
 The gnome hits!
 You miss the gnome.
 The jackal misses the gnome.
 The gnome hits!
 The jackal bites it.
 It misses the jackal.
 The jackal misses it.
 The jackal misses it.
 You hear some noises.
 You hear some noises in the distance.
 The gnome hits!
 It misses the gnome.
 You hear some noises.
 You hear some noises in the distance.
 You hear some noises.
 You hear some noises in the distance.
 You are hit by a stout spear.
 The dwarf thrusts his broad short sword.
 The dwarf hits!
 You return to human form!
 Your movements are now unencumbered.
 You miss the dwarf.
 You miss the dwarf.
 The dwarf thrusts his broad short sword.
 The dwarf hits!
 You hit the dwarf.
 The dwarf thrusts his broad short sword.
 The dwarf hits!
 You die...
 Do you want your possessions identified? [ynq] (y) n
 Do you want to see your attributes? [ynq] (y) n
 Do you want an account of creatures vanquished? [ynaq] (y) n
 Do you want to see your conduct and achievements? [ynq] (y) n
 Do you want to see the dungeon overview? [ynq] (y) n

Inventory:
 Coins    ('$')
  $ - 33 gold pieces
 Weapons  (')')
  b - 10 +0 daggers (alternate weapons; not wielded)
  u - a +0 mace
  a - a +0 short sword
 Armor    ('[')
  p - an uncursed +0 pair of fumble boots
 Comestibles  ('%')
  q - an uncursed food ration
 Potions  ('!')
  t - an uncursed potion of object detection
 Rings    ('=')
  i - an uncursed ring of searching
 Tools    ('(')
  e - an uncursed lock pick

2459783kj the Rogue's attributes:

Background:
 You were a Cutpurse, a level 3 female human Rogue.
 You were chaotic, nominally on a mission for Kos
 who was opposed by Issek (lawful) and Mog (neutral).
 You were right-handed.
 You were in the Gnomish Mines, on level 4.
 You entered the dungeon 1326 turns ago.
 You had 67 experience points, 13 more were needed to attain level 4.

Basics:
 You had 0 out of 23 hit points.
 You had all 10 energy points (spell power).
 Your armor class was 10.
 Your wallet contained 33 zorkmids.
 Autopickup was off.

Final Characteristics:
 Your strength was 15 (peak:16, limit:18/100).
 Your dexterity was 18 (limit:18).
 Your constitution was 13 (limit:18).
 Your intelligence was 10 (limit:18).
 Your wisdom was 11 (limit:18).
 Your charisma was 8 (limit:18).

Final Status:
 You weren't hungry.
 You were unencumbered.
 You were bare handed.
 You were unskilled in bare handed combat.
 You weren't wearing any armor.

Final Attributes:
 You were devoutly aligned.
 You were level-drain resistant.
 You were stealthy.
 You aggravated monsters.
 You were a werejackal.
 You were harmed by silver.
 You were unlucky.
 You are dead.

Miscellaneous:
 You didn't encounter any bones levels.
 Total elapsed playing time was 21 minutes and 53 seconds.

Major events:
 Turn
    1: 2459783kj the chaotic female human Rogue entered the dungeon
  641: attained the rank of Cutpurse (level 3)
 1255: entered the Gnomish Mines
 1326: killed by a dwarf

Spells:
 Name                 Level Category     Fail Retention
 protection             1   clerical      48%  76%-100%

Skills:
 Fighting Skills
   bare handed combat [Unskilled]
   two weapon combat  [Unskilled]
   riding             [Unskilled]
 Weapon Skills
   dagger             [Basic]
   knife              [Unskilled]
   short sword        [Basic]
   broadsword         [Unskilled]
   long sword         [Unskilled]
   two-handed sword   [Unskilled]
   saber              [Unskilled]
   club               [Unskilled]
   mace               [Unskilled]
   morning star       [Unskilled]
   flail              [Unskilled]
   hammer             [Unskilled]
   polearms           [Unskilled]
   spear              [Unskilled]
   crossbow           [Unskilled]
   dart               [Unskilled]
   shuriken           [Unskilled]
 Spellcasting Skills
   divination spells  [Unskilled]
   escape spells      [Unskilled]
   matter spells      [Unskilled]

Voluntary challenges:
 Character rerolling was not enabled.
 You were an atheist.
 You never genocided any monsters.
 You never polymorphed an object.
 You used no wishes.
Achievements:
 You attained the rank of Cutpurse.
 You entered a shop.
 You entered the Gnomish Mines.

 The Dungeons of Doom: levels 1 to 3
    Level 1:
    Level 2:
       A bookstore, a fountain, a sink.
    Level 3:
       A general store.
       Stairs down to The Gnomish Mines.
 The Gnomish Mines:
    Level 4: <- You were here.
       Final resting place for
          you, killed by a dwarf.


Vanquished creatures:
  a water nymph
  a little dog
 an orc zombie
  2 dwarf zombies
  a werejackal
 an acid blob
  a giant rat
  a green mold
  2 gnomes
  a gnome zombie
  2 jackals
  a fox
  a goblin
  2 sewer rats
  a grid bug
  a bat
  3 kobold zombies
  a newt
24 creatures vanquished.

No species were genocided or became extinct.

Game over:
                       ----------
                      /          \
                     /    REST    \
                    /      IN      \
                   /     PEACE      \
                  /                  \
                  |    2459783kj     |
                  |      33 Au       |
                  |   killed by a    |
                  |      dwarf       |
                  |                  |
                  |                  |
                  |       2026       |
                 *|     *  *  *      | *
        _________)/\\_//(\/(/\)/\//\/|_)_______

Goodbye 2459783kj the Rogue...

You died in The Gnomish Mines on dungeon level 4 with 488 points,
and 33 pieces of gold, after 1326 moves.
You were level 3 with a maximum of 23 hit points when you died.

